 Dungeon Crawl Stone Soup version 0.22-a0-362-g535178c (webtiles) character file.

298 sankara the Sneak (level 6, -3/41 HPs)
             Began as a Vampire Enchanter on Apr 19, 2018.
             Was a Follower of Kikubaaqudgha.
             Killed by triggering an arrow trap (12 damage)
             ... in an ossuary.
             The game lasted 00:27:35 (6399 turns).

sankara the Sneak (Vampire Enchanter)               Turns: 6399, Time: 00:27:36

Health: -3/41      AC:  2    Str:  7    XL:     6   Next: 13%
Magic:  5/10       EV: 13    Int: 20    God:    Kikubaaqudgha [*.....]
Gold:   218        SH:  0    Dex: 14    Spells: 1/11 levels left

rFire    . . .     SeeInvis +   a - +1 dagger
rCold    + . .     Gourm    .   (no shield)
rNeg     + + .     Faith    .   b - +0 robe
rPois    +         Spirit   .   (no helmet)
rElec    .         Reflect  .   (no cloak)
rCorr    .         Harm     .   (no gloves)
MR       .....                  (no boots)
Stlth    ++++++....             (no amulet)
HPRegen  0.06/turn              m - ring of stealth {Stlth+}
MPRegen  0.12/turn              (no ring)

@: regenerating slowly
A: fangs 3, see invisible, unbreathing
a: Bat Form, Receive Corpses, Renounce Religion


You were in an ossuary.
You worshipped Kikubaaqudgha.
Kikubaaqudgha was aware of your devotion.
You were thirsty.

You visited 1 branch of the dungeon, and saw 4 of its levels.
You also visited: Ossuary.

You collected 218 gold pieces.

Inventory:

Hand Weapons
 a - a +1 dagger (weapon)
Missiles
 e - 150 stones (quivered)
 f - 3 tomahawks
 n - 23 sling bullets
Armour
 b - a +0 robe (worn)
Jewellery
 m - a ring of stealth (left hand) {Stlth+}
   (You took it off a kobold on level 2 of the Dungeon)
Scrolls
 h - 2 scrolls of identify
Potions
 c - 2 potions of mutation {unknown}
 d - 5 potions of blood {@q1}
 i - 3 potions of heal wounds {unknown}
 j - a potion of flight {unknown}
 k - a potion of curing {unknown}
 o - 3 potions of invisibility
 p - 2 potions of magic {unknown}


   Skills:
 - Level 1.7 Short Blades
 - Level 2.6 Dodging
 * Level 7.2 Stealth
 + Level 3.1 Spellcasting
 * Level 6.9 Hexes
 + Level 0.6 Necromancy


You had one spell level left.
You knew the following spells:

 Your Spells              Type           Power        Failure   Level  Hunger
a - Corona                Hex            ####...      1%          1    None
b - Ensorcelled Hibernat  Hex/Ice        ###...       5%          2    ##.....
c - Confuse               Hex            ####....     2%          3    ###....
d - Regeneration          Chrm/Necr      #.........   36%         3    ###....
e - Animate Skeleton      Necr           N/A          11%         1    None


Dungeon Overview and Level Annotations

Branches:
Dungeon (4/15)
 Temple: D:4-7

Altars:
Elyvilon
Kikubaaqudgha
Okawaru
Ru
Sif Muna


Innate Abilities, Weirdness & Mutations

You heal slowly.
You have razor-sharp teeth.
You have supernaturally acute eyesight. (SInv)
You can survive without breathing.


Message History

Aiming: Ensorcelled Hibernation (safe; 5% risk of failure)
Press: ? - help, Shift-Dir - straight line, f/p - ogre
Aim: an ogre, wielding a giant spiked club (chance to defeat MR: 47%)
The ogre resists with some effort.
You turn into a vampire bat.
Your +1 dagger melds into your body.
Your +0 robe melds into your body.
Your ring of stealth {Stlth+} melds into your body.
There is a stone staircase leading up here.
There is a stone staircase leading up here.
Your transformation has ended.
Your +1 dagger unmelds from your body.
Your +0 robe unmelds from your body.
Your ring of stealth {Stlth+} unmelds from your body.
Casting: Ensorcelled Hibernation (safe; 5% risk of failure)
Confirm with . or Enter, or press ? or * to list all spells.
Aiming: Ensorcelled Hibernation (safe; 5% risk of failure)
Press: ? - help, Shift-Dir - straight line, f/p - ogre
Aim: an ogre, wielding a giant spiked club (chance to defeat MR: 47%)
You miscast Ensorcelled Hibernation.
You are very lightly contaminated with residual magic.
You feel a bit tired.
Casting: Ensorcelled Hibernation (safe; 5% risk of failure)
Confirm with . or Enter, or press ? or * to list all spells.
Aiming: Ensorcelled Hibernation (safe; 5% risk of failure)
Press: ? - help, Shift-Dir - straight line, f/p - ogre
Aim: an ogre, wielding a giant spiked club (chance to defeat MR: 47%)
The ogre resists with some effort.
You climb upwards.
There is a stone staircase leading down here.
Your magical contamination has completely faded away.
There is a stone staircase leading down here.
You climb downwards.
You hear the hiss of flowing sand.
There is an entrance to an ossuary on this level.
Hurry and find it before the portal is buried!
You hear the slow hiss of a very distant avalanche of sand.
There is a stone staircase leading up here.
You see here a dagger.
You found a teleport trap!
Magic restored.
You see here 10 gold pieces.
You now have 214 gold pieces (gained 10).
You hear the hiss of a very distant avalanche of sand.
You are feeling thirsty.
Really walk into that teleport trap?
You enter a teleport trap!
The teleport trap disappears.
Your surroundings suddenly seem different.
You now have 218 gold pieces (gained 4).
p - 2 bubbling inky potions (gained 1)
You see here a quarterstaff.
You open the door.
There is an open door here.
c - 2 bubbling ruby potions You hear the hiss of an avalanche of sand.
You open the door.
A mummy comes into view.
Found a sand-covered staircase.
There is an open door here.
The helpless mummy fails to defend itself.
You impale the mummy!!
You destroy the mummy!
Kikubaaqudgha accepts your kill.
There is a sand-covered staircase here.
The world spins around you as you enter the gateway.
You enter an ossuary! 3 mummies come into view.
You found an arrow trap! x2
Found a gate leading back out of this place.
There is an empty arch of ancient stone here.
Okay, then.
Casting: Ensorcelled Hibernation (safe; 5% risk of failure)
Confirm with . or Enter, or press ? or * to list all spells.
Aiming: Confuse (safe; 2% risk of failure)
Press: ? - help, Shift-Dir - straight line, f - mummy
Aim: a mummy (chance to defeat MR: 59%)
The mummy appears confused.
You catch the helpless mummy completely off-guard!
You puncture the mummy!
The mummy is almost destroyed.
You completely miss the mummy.
The mummy is almost destroyed.
The mummy misses you. The mummy hits you!
You hit the mummy but do no damage.
The mummy is almost destroyed.
Casting: Confuse (safe; 2% risk of failure)
Confirm with . or Enter, or press ? or * to list all spells.
Aiming: Confuse (safe; 2% risk of failure)
Press: ? - help, Shift-Dir - straight line, f - mummy, p - mummy
Aim: a mummy (chance to defeat MR: 59%)
The mummy resists with significant effort.
The mummy hits you! The mummy closely misses you. The mummy hits you!
You hit the mummy but do no damage.
The mummy is almost destroyed.
The mummy hits you!
* * * LOW HITPOINT WARNING * * *
The mummy barely misses the mummy.
The mummy hits the mummy but does no damage.
You found an arrow trap!
An arrow shoots out and hits you!
You die...
Kikubaaqudgha rasps: "You have failed me!
Welcome... oblivion!"

#########
###.......#+#+#+
##..M.M..@.......
#.M.....^^.......
#.....∩.∩........
#......^.........
##...............
###.......#+#+#+
#########


You could see 3 mummies.

Vanquished Creatures
  A scorpion (D:4)
  A jelly (D:2)
  A mummy (D:4)
  6 adders
  A river rat (D:3)
  10 oozes
  4 worms (D:2)
  2 dart slugs (D:1)
  3 leopard geckos
  An orc (D:3)
  6 giant cockroaches
  5 goblins
  6 hobgoblins
  9 jackals
  A quokka (D:2)
  A ball python (D:1)
  4 bats
  3 frilled lizards (D:1)
  17 kobolds
  5 rats
87 creatures vanquished.

Vanquished Creatures (others)
  9 toadstools (D:2)
9 creatures vanquished.

Grand Total: 96 creatures vanquished

Notes
Turn   | Place    | Note
-------+----------+-------------------------------------------
     0 | D:1      | sankara the Vampire Enchanter began the quest for the Orb.
     0 | D:1      | Reached XP level 1. HP: 13/13 MP: 3/3
   339 | D:1      | Reached XP level 2. HP: 18/19 MP: 5/5
   667 | D:1      | Learned a level 2 spell: Ensorcelled Hibernation
  1099 | D:1      | Reached XP level 3. HP: 24/24 MP: 6/6
  1209 | D:1      | Learned a level 3 spell: Confuse
  1396 | D:1      | Reached skill level 5 in Stealth
  1782 | D:2      | Reached skill level 5 in Hexes
  2657 | D:2      | Reached XP level 4. HP: 30/30 MP: 2/7
  3006 | D:2      | Found an ancient bone altar of Kikubaaqudgha.
  3068 | D:2      | Became a worshipper of Kikubaaqudgha
  4088 | D:2      | Reached skill level 6 in Stealth
  4342 | D:2      | Reached skill level 6 in Hexes
  4479 | D:2      | Reached XP level 5. HP: 35/35 MP: 2/9
  4626 | D:3      | Found a white marble altar of Elyvilon.
  4626 | D:3      | Found a sacrificial altar of Ru.
  4630 | D:3      | Found an iron altar of Okawaru.
  4631 | D:3      | Found a deep blue altar of Sif Muna.
  5896 | D:2      | Reached skill level 3 in Spellcasting
  6042 | D:3      | Reached * piety under Kikubaaqudgha
  6042 | D:3      | Identified Kikubaaqudgha's Almanac of Stolen Souls (Kikubaaqudgha gifted it to you on level 3 of the Dungeon)
  6042 | D:3      | Received a gift from Kikubaaqudgha
  6048 | D:3      | Learned a level 3 spell: Regeneration
  6050 | D:3      | Learned a level 1 spell: Animate Skeleton
  6179 | D:4      | Reached skill level 7 in Stealth
  6179 | D:4      | Reached XP level 6. HP: 41/41 MP: 10/10
  6377 | D:4      | Found a sand-covered staircase.
  6382 | Ossuary  | Entered an ossuary
  6392 | Ossuary  | HP: 9/41 [mummy (9)]
  6399 | Ossuary  | Killed by triggering an arrow trap

Vault maps used:
D:1:      giann_wishing_wells
D:2:      cheibrodos_fertilizer, old_standard_altar, kennysheep_generic_room_3
D:3:      minitemple, first_ration, gup_sewer_entry_bubbles
D:4:      nicolae_ossuary_entry_giza, minmay_misc_feat_iff, minmay_crystal_room
Ossuary:  ossuary_the_hunt_dpeg

Skill      XL: |  1  2  3  4  5 |
---------------+----------------+-----
Stealth        | 5 6 7 |  7.2
Hexes          | 5 6 |  6.9
Spellcasting   | 3 |  3.1
Short Blades   | |  1.7
Dodging        | |  2.6
Necromancy     | |  0.6

Action                   |  1- 3 |  4- 6 || total
-------------------------+-------+-------++-------
Melee: Dagger            |   115 |    96 ||   211
       Bite              |     7 |     1 ||     8
       Unarmed           |       |     1 ||     1
 Cast: Corona            |    21 |       ||    21
       Ensorcelled Hiber |    24 |    47 ||    71
       Confuse           |       |     5 ||     5
 Abil: End Transformatio |     2 |     7 ||     9
       Bat Form          |     2 |     7 ||     9
  Use: Potion            |     2 |    10 ||    12
       Scroll            |       |     6 ||     6
 Stab: Sleeping          |    25 |    35 ||    60
       Confused          |       |     1 ||     1
Armor: Robe              |    29 |    18 ||    47
Dodge: Dodged            |    75 |   139 ||   214

Table legend:
 A = Spawn XP
 B = Non-spawn XP
 C = Spawn XP percentage of total XP
 D = Spawn monster count
 E = Non-spawn monster count
 F = Spawn count percentage of total count
 G = Total turns spent on level
                    A         B        C        D         E        F      G
               +---------+---------+-------+---------+---------+-------+---------
         Total |       0 |     427 |   0.0 |       0 |      87 |   0.0 |  6399
               +---------+---------+-------+---------+---------+-------+---------
           D:1 |       0 |      52 |   0.0 |       0 |      28 |   0.0 |  2483
           D:2 |       0 |     216 |   0.0 |       0 |      40 |   0.0 |  2532
           D:3 |       0 |      71 |   0.0 |       0 |      17 |   0.0 |  1172
           D:4 |       0 |      88 |   0.0 |       0 |       2 |   0.0 |   195
               +---------+---------+-------+---------+---------+-------+---------

Vault maps used:
D:1:      giann_wishing_wells
D:2:      cheibrodos_fertilizer, old_standard_altar, kennysheep_generic_room_3
D:3:      minitemple, first_ration, gup_sewer_entry_bubbles
D:4:      nicolae_ossuary_entry_giza, minmay_misc_feat_iff, minmay_crystal_room
Ossuary:  ossuary_the_hunt_dpeg

Table legend:
 A = Turns spent in this place as a percentage of turns spent in the entire game.
 B = Non-inter-level travel turns spent in this place as a percentage of non-inter-level travel turns spent in the entire game.
 C = Inter-level travel turns spent in this place as a percentage of turns spent in this place.
 D = Turns resting spent in this place as a percentage of non-inter-level travel turns spent in this place.
 E = Turns spent auto-exploring this place as a percentage of non-inter-level travel turns spent in this place.
 F = Non-inter-level travel turns spent in this place divided by the number of levels of this place that you've seen.
                   A       B       C       D       E      F
               +-------+-------+-------+-------+-------+----------------------
         Total | 100.0 | 100.0 |   4.8 |  37.7 |  27.6 | 1218.6
       Dungeon |  99.7 |  99.7 |   4.8 |  37.8 |  27.7 | 1519.0
       Ossuary |   0.3 |   0.3 |   0.0 |   0.0 |   0.0 |  17.0
               +-------+-------+-------+-------+-------+----------------------

Table legend:
 A = Kills in this place as a percentage of kills in entire the game.
 B = Kills by you in this place as a percentage of kills by you in the entire game.
 C = Kills by friends in this place as a percentage of kills by friends in the entire game.
 D = Other kills in this place as a percentage of other kills in the entire game.
 E = Experience gained in this place as a percentage of experience gained in the entire game.
 F = Experience gained in this place divided by the number of levels of this place that you have seen.
                   A       B       C       D       E      F
               +-------+-------+-------+-------+-------+----------------------
         Total | 100.0 | 100.0 |   N/A |   N/A | 100.0 |  85.4
       Dungeon | 100.0 | 100.0 |   N/A |   N/A | 100.0 | 106.8
               +-------+-------+-------+-------+-------+----------------------
